 Dungeon Crawl Stone Soup version 0.18-a0-1070-gd466a24 (webtiles) character file.

137 TriBird the Ducker (level 5, -1/52 HPs)
             Began as a Troll Fighter on Jan 12, 2016.
             Was a Follower of Cheibriados.
             Succumbed to FishServ's ghost's poison
             ... on level 4 of the Dungeon.
             The game lasted 00:41:31 (2280 turns).

TriBird the Ducker (Troll Fighter)                  Turns: 2280, Time: 00:41:31

Health: -1/52      AC:  6    Str: 28    XL:     5   Next: 0%
Magic:  4/4        EV:  9    Int:  7    God:    Cheibriados [*.....]
Gold:   121        SH: 11    Dex: 12    Spells: 0 memorised, 4 levels left

rFire  x . .     SeeInvis .     f - +1 hand axe (chop)
rCold  + . .     Gourm    +     a - +0 robe
rNeg   . . .     Faith    .     b - +0 shield
rPois  .         Spirit   .     (helmet restricted)
rElec  .         Dismiss  .     F - +0 cloak
rCorr  .         Reflect  +     (gloves unavailable)
SustAt .         Harm     .     (boots unavailable)
MR     .....                    y - +2 amulet of reflection
Stlth  +.........               (no ring)
                                E - ring of ice

@: lethally poisoned (-1 -> -23), very slow, not resistant to hostile
enchantments, very unstealthy
A: unfitting armour, claws 3, fast metabolism 3, gourmand, regeneration 2,
shaggy fur 1, tough skin 2
a: Bend Time, Renounce Religion


You were on level 4 of the Dungeon.
You worshipped Cheibriados.
Cheibriados was aware of your devotion.
You were hungry.

You visited 1 branch of the dungeon, and saw 4 of its levels.

You collected 121 gold pieces.

Inventory:

Hand Weapons
 e - a +0 hand axe
 f - a +1 hand axe of chopping (weapon)
 g - a +0 whip
 h - a +0 mace
 o - a +0 short sword
 q - a +0 halberd of venom
 t - a +0 dagger of speed
 u - a +0 war axe
 H - a +0 whip
 J - a +0 spear
Missiles
 k - 27 bolts
 m - 8 javelins
 r - 114 stones (quivered)
 A - 27 sling bullets
 C - 12 arrows
Armour
 a - a +0 robe (worn)
 b - a +0 shield (worn)
 w - a +0 robe
 B - a +0 scale mail
 D - a +0 buckler
 F - a +0 cloak (worn)
 G - a +0 ring mail
Jewellery
 y - a +2 amulet of reflection (around neck)
 E - a ring of ice (left claw)
Scrolls
 d - a scroll of remove curse {unknown}
 l - a scroll of teleportation {unknown}
 n - a scroll of recharging
 p - a scroll of enchant armour {unknown}
 s - a scroll of magic mapping {unknown}
 x - 2 scrolls of amnesia {unknown}
 z - a scroll of identify {unknown}
Potions
 c - a potion of might
 j - a potion of curing {unknown}
 v - 2 potions of flight {unknown}
Comestibles
 i - a beef jerky


   Skills:
 + Level 2.9 Fighting
 + Level 1.0 Axes
 + Level 3.5 Dodging
 + Level 0.2 Stealth
 + Level 3.1 Shields
 + Level 2.0 Unarmed Combat


You had 4 spell levels left.
You didn't know any spells.

Dungeon Overview and Level Annotations

Branches:
Dungeon (4/15)
 Temple: D:4-7

Altars:
Cheibriados
Dithmenos
Sif Muna

Annotations:
D:4 FishServ's ghost, amateur MiMo


Innate Abilities, Weirdness & Mutations

You are too large for most types of armour.
You have claws for hands.
Your metabolism is lightning-fast.
You like to eat raw meat.
You heal very quickly.
You are covered in fur (AC +1).
You have very tough skin (AC +2).


Message History

You closely miss FishServ's ghost.
FishServ's ghost is lightly damaged.
You feel very sick. FishServ's ghost hits you.
You hit FishServ's ghost but do no damage.
FishServ's ghost is lightly damaged.
* * * LOW HITPOINT WARNING * * *
You feel very sick. You block FishServ's ghost's attack.
* * * LOW HITPOINT WARNING * * *
You feel very sick. FishServ's ghost barely misses you.
* * * LOW HITPOINT WARNING * * *
You feel very sick.
* * * LOW HITPOINT WARNING * * *
You feel very sick. FishServ's ghost hits you.
* * * LOW HITPOINT WARNING * * *
You are more poisoned.
You die...

#. #.#.## #.#####.<..
#. #.#.# #># #.... ##
..#.#.# #.# #.....
...##.#.#.####.##
#...## .
#...#.#..............
#.
#...................##
#..
#.....######........#
#.#...##.#.# ####.#.#
#.... #.#@# #...##.#.#
#......W.# #...##.###
..... #.# #### #.# #.#
#.. ###


You could see FishServ's ghost.

Vanquished Creatures
  A hound (D:4)
  4 gnolls (D:3)
  2 adders
  An ooze (D:2)
  A worm (D:3)
  4 giant geckos
  7 bats
  A giant cockroach (D:1)
  6 goblins
  5 hobgoblins
  A ball python (D:1)
  2 giant newts
  2 kobolds
  4 rats
41 creatures vanquished.

Vanquished Creatures (others)
  5 toadstools (D:1)
5 creatures vanquished.

Grand Total: 46 creatures vanquished

Notes
Turn   | Place    | Note
--------------------------------------------------------------
     0 | D:1      | TriBird the Troll Fighter began the quest for the Orb.
     0 | D:1      | Reached XP level 1. HP: 22/22 MP: 0/0
   168 | D:1      | Reached XP level 2. HP: 29/29 MP: 1/1
  1074 | D:2      | Reached XP level 3. HP: 36/36 MP: 2/2
  1116 | D:2      | Reached skill level 3 in Dodging
  1346 | D:2      | Found a shadowy altar of Dithmenos.
  1477 | D:2      | Found a deep blue altar of Sif Muna.
  1535 | D:2      | Found a faded altar to an unknown god.
  1597 | D:2      | Became a worshipper of Cheibriados the Contemplative
  1597 | D:2      | Reached * piety under Cheibriados
  2105 | D:3      | Reached XP level 4. HP: 44/44 MP: 3/3
  2221 | D:4      | Reached skill level 1 in Axes
  2221 | D:4      | Reached XP level 5. HP: 52/52 MP: 4/4
  2257 | D:4      | Noticed FishServ's ghost (amateur MiMo)
  2279 | D:4      | HP: 1/52 [FishServ's ghost (6)]
  2280 | D:4      | Succumbed to FishServ's ghost's poison

Vault maps used:
D:1:      ldierk_walled_garden
D:2:      led_sif_pool, ecumenical_altar_1,
          nicolae_dithmenos_through_a_glass_darkly
D:4:      minmay_temple_entry_junction, serial_shops,
          nicolae_shop_overgrown_old_shop

Action                   |  1- 3 |  4- 6 || total
-------------------------+-------+-------++-------
Melee: Hand axe          |   157 |    38 ||   195
       Unarmed           |     5 |       ||     5
  Use: Scroll            |     2 |       ||     2
       Potion            |     2 |       ||     2
  Eat: Bread ration      |     3 |       ||     3
       Fruit             |     1 |       ||     1
       Beef jerky        |       |     1 ||     1
